Map: Tours du crépuscule

Players

shaggy - Winner!

  • Race: Protoss Protoss
  • League: Silver

pupu

  • Race: Protoss Protoss
  • League: Silver

VOD

Have the link to the VOD?

Description

Time

  • Played on: April 5, 2016, 2:20 p.m.
  • Length: 5:07
Show
View Real Time Build Order
Export as new Build Order

shaggy Protoss - Winner!

Build Orders:  

Get SALT Encoding   

  12  0:01  Probe (Chrono Boost)  
  13  0:11  Probe (Chrono Boost)  
  14  0:19  Pylon  
  14  0:22  Probe (Chrono Boost)  
  15  0:37  Probe (Chrono Boost)  
  15  0:41  Gateway  
  16  0:48  Probe (Chrono Boost)  
  17  0:53  Assimilator  
  17  0:58  Probe (Chrono Boost)  
  18  1:09  Probe (Chrono Boost)  
  19  1:19  Probe (Chrono Boost)  
  20  1:34  Probe (Chrono Boost)  
  20  1:36  Pylon  
  21  1:41  Cybernetics Core  
  21  1:45  Probe (Chrono Boost), Assimilator  
  22  1:47  Pylon  
  22  1:55  Probe (Chrono Boost), Zealot  
  25  2:10  Probe (Chrono Boost)  
  26  2:18  Warp Gate (Chrono Boost)  
  26  2:20  Probe  
  27  2:28  Gateway  
  27  2:31  Gateway  
  27  2:33  Mothership Core  
  29  2:38  Stalker  
  31  2:49  Robotics Facility  
  31  2:54  Probe  
  32  3:06  Probe  
  32  3:11  Stalker  
  35  3:17  Stalker  
  35  3:18  Probe  
  38  3:22  Pylon  
  38  3:25  Pylon  
  38  3:41  Immortal (Chrono Boost)  
  42  3:52  Stalker  
  42  3:53  Stalker  
  46  3:59  Probe  
  47  4:14  Stalker  
  49  4:21  Immortal (Chrono Boost)  
  53  4:36  Stalker  
  55  4:44  Pylon  
Show
View Real Time Build Order
Export as new Build Order

pupu Protoss 

Build Orders: Nexus First, Blink Stalkers 

Get SALT Encoding   

  12  0:01  Probe (Chrono Boost)  
  13  0:11  Probe (Chrono Boost)  
  14  0:19  Pylon  
  14  0:22  Probe (Chrono Boost)  
  15  0:37  Probe (Chrono Boost)  
  16  0:56  Nexus  
  16  1:08  Gateway  
  16  1:15  Probe (Chrono Boost), Assimilator  
  17  1:23  Assimilator  
  17  1:26  Probe (Chrono Boost)  
  18  1:36  Probe (Chrono Boost)  
  20  1:47  Probe (Chrono Boost)  
  20  1:57  Probe (Chrono Boost)  
  20  1:59  Cybernetics Core  
  21  2:04  Pylon  
  21  2:08  Probe (Chrono Boost)  
  22  2:12  Gateway  
  22  2:14  Probe (Chrono Boost)  
  23  2:18  Probe (Chrono Boost)  
  24  2:24  Probe (Chrono Boost)  
  24  2:29  Probe (Chrono Boost)  
  26  2:31  Warp Gate (Chrono Boost)  
  26  2:37  Twilight Council  
  26  2:41  Probe  
  27  2:44  Stalker  
  27  2:46  Probe  
  30  2:55  Probe  
  31  2:59  Assimilator  
  31  3:03  Probe, Pylon  
  32  3:12  Blink (Chrono Boost)  
  32  3:25  Probe x2, Robotics Facility  
  34  3:34  Stalker  
  36  3:37  Probe  
  36  3:39  Stalker  
  39  3:41  Probe  
  40  3:49  Probe  
  40  3:53  Probe, Pylon  
  42  3:59  Forge  
  42  4:05  Probe  
  42  4:09  Pylon  
  43  4:13  Observer (Chrono Boost)  
  44  4:17  Probe x2  
  46  4:31  Gateway  
  46  4:32  Gateway  
  46  4:34  Pylon  
  46  4:39  Pylon  
  46  4:43  Stalker x2  
Tags
 
Add a new tag
Caveats
  • Supply blocks, unpowered buildings, or Contaminate may cause inaccurate times.
  • Supply counts are checked every 10 seconds.